 Dungeon Crawl Stone Soup version 0.20.1-1-g8b1a95d (webtiles) character file.

144 LiquoriceLizzard the Sneak (level 5, -5/22 HPs)
             Began as a Felid Conjurer on Nov 11, 2017.
             Was a Follower of Dithmenos.
             Killed by divine providence
             ... invoked by an orc priest
              (10 damage)
             ... on level 4 of the Dungeon.
             The game lasted 00:41:39 (5649 turns).

LiquoriceLizzard the Sneak (Felid Conjurer)         Turns: 5649, Time: 00:41:40

Health: -5/22      AC:  3    Str:  6    XL:     5   Next: 5%
Magic:  5/10       EV: 19    Int: 17    God:    Dithmenos [*.....]
Gold:   123        SH:  4    Dex: 17    Spells: 3/9 levels left
                                        Lives:  0   Deaths: 1

rFire    . . .     SeeInvis +     - Unarmed
rCold    . . .     Gourm    .   (shield unavailable)
rNeg     . . .     Faith    .   (armour unavailable)
rPois    .         Spirit   .   (helmet unavailable)
rElec    .         Reflect  .   (cloak unavailable)
rCorr    .         Harm     .   (gloves unavailable)
MR       .....                  (boots unavailable)
Stlth    ++++......             (no amulet)
Regen    0.0/turn               (no ring)
MPRegen  0.2/turn               (no ring)

@: wreathed by umbra, quick
A: no armour, no weapons or thrown items, stealth, claws 1, fangs 3, large bone
plates 1, molten scales 1, see invisible, carnivore 3, speed 1, shaggy fur 1,
inhibited regeneration, slow metabolism 1, strong 1, sharp paws
a: Renounce Religion


You were on level 4 of the Dungeon.
You worshipped Dithmenos.
Dithmenos was aware of your devotion.
You were not hungry.

You visited 2 branches of the dungeon, and saw 5 of its levels.

You collected 123 gold pieces.

Inventory:

Jewellery
 g - an uncursed ring of positive energy {unknown}
Wands
 m - a wand of acid (6/15)
Scrolls
 c - 2 scrolls of amnesia {unknown}
 d - a scroll of remove curse {unknown}
 e - 9 scrolls of identify {unknown}
 i - 3 scrolls of teleportation {unknown}
 j - 2 scrolls of enchant armour {unknown}
Potions
 h - 2 potions of heal wounds
 k - a potion of invisibility {unknown}
 l - a potion of haste {unknown}
 n - a potion of curing
 o - a potion of ambrosia {unknown}
Books
 a - a book of Conjurations

   Spells                             Type                      Level
   a - Magic Dart                     Conjuration                  1
   b - Searing Ray                    Conjuration                  2
   c - Dazzling Spray                 Conjuration/Hexes            3
   d - Fulminant Prism                Conjuration/Hexes            4
   e - Force Lance                    Conjuration/Translocation    4
   f - Iskenderun's Mystic Blast      Conjuration                  4
Comestibles
 b - 2 meat rations


   Skills:
 + Level 1.0 Fighting
 * Level 4.3 Dodging
 + Level 5.0 Stealth
 + Level 1.2 Unarmed Combat
 + Level 2.8 Spellcasting
 + Level 4.6 Conjurations


You had 3 spell levels left.
You knew the following spells:

 Your Spells              Type           Power        Failure   Level  Hunger
a - Magic Dart            Conj           ###.         2%          1    #......
b - Searing Ray           Conj           ###...       4%          2    ##.....
c - Dazzling Spray        Conj/Hex       ##....       21%         3    ###....


Dungeon Overview and Level Annotations

Branches:
Dungeon (4/15)             Temple (1/1) D:4

Altars:
Dithmenos
Hepliaklqana
Nemelex Xobeh

Shops:
D:4 =

Annotations:
D:3 Feta's ghost, amateur FoEE


Innate Abilities, Weirdness & Mutations

You cannot wear armour.
You are incapable of wielding weapons or throwing items.
Your paws allow you to move quietly. (Stealth)
You have sharp claws.
You have razor-sharp teeth.
You have supernaturally acute eyesight. (SInv)
You are carnivorous and can eat meat at any time.
You cover ground quickly.
You are covered in fur. (AC +1)
You have a slow metabolism.
Your sharp claws are effective at attacking unaware monsters.
You are partially covered in large bone plates. (SH +4)
You are partially covered in molten scales. (AC +2)
You do not regenerate when monsters are visible.
Your muscles are strong. (Str +2)


Message History

The orc priest mumbles some strange prayers to Beogh against you.
Pain shoots through your body!
The searing ray hits the orc priest.
The orc priest is almost dead.
You finish channeling your searing ray.
The orc priest looks encouraged for a moment.
Casting: Searing Ray
Confirm with . or Enter, or press ? or * to list all spells.
Aiming: Magic Dart
Press: ? - help, Shift-Dir - straight line, f/p - orc priest
Aim: an orc priest, wielding an antimagic falchion and wearing a leather armour (almost dead)
The magic dart hits the orc priest.
The orc priest is almost dead.
The orc priest mumbles some strange prayers to Beogh against you.
Pain shoots through your body!
* * * LOW HITPOINT WARNING * * *
The orc priest miscasts a cantrip.
The orc priest calls down the wrath of Beogh upon you.
Beogh smites you!
You die...

################### #.#
#.....§.........§.# #.#
#.§...§§.......§..# #.#
#...§...§.........# #.#
#..§...........§§.# #.#
#.................######.###
#.................#.........
#.)...............8.########
#>.........@.....o..#
#.................8##
#.................##
#.................#
#.................#
#...........§§§...#
#......§...§......#
#.....§......§....#
###################


You could see an orc priest.

Vanquished Creatures
  A bullfrog skeleton (D:4)
  An orc priest (D:4)
  Terence (D:2)
  An orc wizard (D:4)
  A worker ant (D:4)
  5 adders
  2 worms (D:2)
  A dart slug (D:1)
  7 orcs
  A ball python (D:2)
  6 giant cockroaches
  5 goblins
  5 hobgoblins
  8 jackals
  5 bats
  2 frilled lizards
  8 kobolds
  8 rats
  4 bushes (D:1)
72 creatures vanquished.

Notes
Turn   | Place    | Note
-------+----------+-------------------------------------------
     0 | D:1      | LiquoriceLizzard the Felid Conjurer began the quest for the Orb.
     0 | D:1      | Reached XP level 1. HP: 7/7 MP: 4/4
   411 | D:1      | Reached XP level 2. HP: 11/11 MP: 6/6
   680 | D:1      | Learned a level 2 spell: Searing Ray
  2177 | D:2      | Noticed Terence
  3225 | D:2      | Found a shadowy altar of Dithmenos.
  3227 | D:2      | Reached XP level 3. HP: 12/14 MP: 5/7
  3327 | D:2      | Became a worshipper of Dithmenos the Shadowed
  3558 | D:2      | Found a sparkling altar of Nemelex Xobeh.
  3583 | D:2      | Reached skill level 3 in Stealth
  3801 | D:2      | Killed Terence
  3801 | D:2      | Reached XP level 4. HP: 9/18 MP: 5/8
  3987 | D:3      | Gained mutation: You do not regenerate when monsters are visible. [potion of mutation]
  3987 | D:3      | Gained mutation: You are partially covered in large bone plates. (SH +4) [potion of mutation]
  3987 | D:3      | Gained mutation: You are partially covered in molten scales. (AC +2) [potion of mutation]
  3987 | D:3      | Gained mutation: Your muscles are strong. (Str +2) [potion of mutation]
  4027 | D:3      | Noticed Feta's ghost (amateur FoEE)
  4179 | D:3      | Reached skill level 1 in Unarmed Combat
  4298 | D:3      | Reached skill level 4 in Stealth
  4449 | D:3      | Reached * piety under Dithmenos
  4917 | D:4      | Found Gushopt's Jewellery Shop.
  4959 | D:4      | Reached XP level 5. HP: 19/21 MP: 4/9
  4967 | D:4      | Learned a level 3 spell: Dazzling Spray
  5124 | D:4      | Found a hazy altar of Hepliaklqana.
  5215 | D:4      | Killed from afar by an orc priest
  5216 | D:4      | Reached XP level 4. HP: -4/18 MP: 3/9
  5270 | D:4      | Found a staircase to the Ecumenical Temple.
  5339 | D:4      | Reached skill level 1 in Fighting
  5339 | D:4      | Reached skill level 5 in Stealth
  5339 | D:4      | Reached XP level 5. HP: 3/22 MP: 7/10
  5356 | Temple   | Entered the Ecumenical Temple
  5649 | D:4      | Killed from afar by an orc priest

Skill      XL: |  1  2  3  4  5 |
---------------+----------------+-----
Conjurations   | 4 |  4.6
Dodging        | 3 4 |  4.3
Stealth        | 3 5 |  5.0
Unarmed Combat | 1 |  1.2
Fighting       | 1 |  1.0
Spellcasting   | |  2.8

Action                   |  1- 3 |  4- 6 || total
-------------------------+-------+-------++-------
Melee: Unarmed           |  1895 |    57 ||  1952
       Bite              |   308 |     4 ||   312
       Punch             |       |     1 ||     1
 Cast: Magic Dart        |    35 |    36 ||    71
       Searing Ray       |     8 |    12 ||    20
  Use: Potion            |     1 |     2 ||     3
 Stab: Sleeping          |     8 |     6 ||    14
       Distracted        |       |     1 ||     1
  Eat: Chunk             |    18 |     4 ||    22
Armor: Skin              |     6 |     3 ||     9
Dodge: Dodged            |    57 |    63 ||   120
Block: Other             |       |    11 ||    11
